 Dungeon Crawl Stone Soup version 0.29.1-13-g9f3cf754e1 (webtiles) character file.

Game seed: 4406246406954403471

17806 FexLirch the Transmogrifier (level 12, -2/80 HPs)
             Began as an Octopode Transmuter on Jan 30, 2023.
             Was an Initiate of Gozag.
             Killed from afar by Azrael (14 damage)
             ... with a fireball
             ... on level 12 of the Dungeon.
             The game lasted 01:27:17 (16354 turns).

FexLirch the Transmogrifier (Octopode Transmuter)  Turns: 16354, Time: 01:27:18

Health: -2/80      AC:  7    Str: 11    XL:     12   Next: 51%
Magic:  14/24      EV: 15    Int: 19    God:    Gozag
Gold:   567        SH:  0    Dex: 12    Spells: 2/28 levels left

rFire   + + .      SeeInvis .     - Unarmed
rCold   x . .      Faith    .   (no shield)
rNeg    . . .      Spirit   .   (helmet currently unavailable)
rPois   .          Reflect  .   x - amulet of regeneration
rElec   .          Harm     .   D - +4 ring of protection
rCorr   .          Rampage  .   E - ring of wizardry
Will    .....                   C - ring of fire
Stlth   ++........              (no ring)
HPRegen 1.03/turn               (no ring)
MPRegen 0.19/turn               (no ring)
                                (no ring)
                                (no ring)

@: appendages, gold aura
A: tentacle spike 3, almost no armour, amphibious, 8 rings, camouflage 1,
gelatinous body 1, (nimble swimmer 1), tentacles, iridescent scales 1, fire
resistance 1
a: End Transformation, Renounce Religion, Potion Petition, Call Merchant, Bribe
Branch


You were on level 12 of the Dungeon.
You worshipped Gozag.
Gozag was pleased with you.
One of your tentacles had grown a beastly spike.
You visited 2 branches of the dungeon, and saw 13 of its levels.
You also visited: Ossuary.

You collected 2285 gold pieces.
You spent 1604 gold pieces at shops.
You paid 114 gold pieces to Gozag.

Inventory:

Hand Weapons
 B - the +5 mace of the Purse {drain, rN+}
   (You found it on level 8 of the Dungeon)

   A truly terrible weapon, it drains the life of any living foe it strikes.
   rN:        It protects you from negative energy.
 F - the +3 great sword of Certain Death {flame, MP-9 Str+3 Int+7}
   (You took it off an orc on level 9 of the Dungeon)

   It burns those it strikes, dealing additional fire damage.
   Big, fiery blades are also staple armaments of hydra-hunters.
   Str:       It affects your strength (+3).
   Int:       It affects your intelligence (+7).
   MP:        It affects your magic capacity (-9).
Magical Staves
 q - a staff of fire
Jewellery
 x - an amulet of regeneration (around mantle)
 C - a ring of fire (on tentacle)
 D - a +4 ring of protection (left tentacle)
 E - a ring of wizardry (right tentacle)
Scrolls
 b - 2 scrolls of enchant weapon
 g - 2 scrolls of blinking
 h - 2 scrolls of vulnerability
 i - 3 scrolls of fear
 j - 2 scrolls of immolation
 l - 5 scrolls of teleportation
 m - 4 scrolls of brand weapon
 s - a scroll of amnesia {unknown}
 t - a scroll of summoning {unknown}
 y - 5 scrolls of noise
 A - 2 scrolls of torment {unknown}
 G - a scroll of enchant armour {unknown}
Potions
 a - 6 potions of lignification
 c - 5 potions of might
 d - 4 potions of curing
 e - 2 potions of mutation
 f - 2 potions of resistance
 k - a potion of haste
 n - 2 potions of attraction
 o - a potion of heal wounds
 p - a potion of invisibility {unknown}
 r - 2 potions of berserk rage
 u - 2 potions of flight {unknown}
 v - a potion of degeneration {unknown}
 w - a potion of cancellation {unknown}
 z - 2 potions of ambrosia
 H - a potion of magic {unknown}


   Skills:
 + Level 6.4 Fighting
 + Level 6.7 Dodging
 - Level 3.0 Unarmed Combat
 + Level 8.8 Spellcasting
 - Level 5.4 Hexes
 - Level 8.0 Summonings
 + Level 9.7 Transmutations
 - Level 3.0 Ice Magic
 + Level 5.9 Air Magic
 + Level 4.3 Poison Magic


You had 2 spell levels left.
You knew the following spells:

 Your Spells              Type           Power      Damage    Failure   Level
a - Beastly Appendage     Tmut           90%        N/A       1%          1
b - Wereblood             Tmut           45%        N/A       1%          2
c - Swiftness             Air            30%        N/A       1%          3
d - Call Canine Familiar  Summ           38%        N/A       1%          3
e - Ice Form              Ice/Tmut       32%        N/A       2%          4
f - Summon Guardian Gole  Hex/Summ       33%        N/A       1%          3
g - Blink                 Tloc           16%        N/A       5%          2
h - Olgreb's Toxic Radia  Pois           24%        N/A       6%          4
i - Passage of Golubria   Tloc           8%         N/A       32%         4

Your spell library contained the following spells:

 Spells                   Type           Power      Damage    Failure   Level
 Sting                    Tmut/Pois      100%       1d8       1%          1
 Summon Small Mammal      Summ           100%       N/A       1%          1
 Call Imp                 Summ           38%        N/A       1%          2
 Ensorcelled Hibernation  Hex/Ice        48%        N/A       1%          2
 Passwall                 Tmut/Erth      21%        N/A       1%          2
 Poisonous Vapours        Pois/Air       54%        N/A       1%          2
 Magic Dart               Conj           32%        1d4       3%          1
 Confusing Touch          Hex            28%        N/A       1%          3
 Spider Form              Tmut/Pois      35%        N/A       1%          3
 Tukima's Dance           Hex            28%        N/A       1%          3
 Mephitic Cloud           Conj/Pois/Air  21%        N/A       2%          3
 Portal Projectile        Hex/Tloc       36%        N/A       3%          3
 Yara's Violent Unravell  Hex/Tmut       18%        3d9       4%          5
 Alistair's Intoxication  Tmut/Pois      23%        N/A       5%          5
 Fulminant Prism          Conj/Hex       9%         3d7       11%         4
 Leda's Liquefaction      Hex/Erth       9%         N/A       11%         4
 Hailstorm                Conj/Ice       14%        3d5       17%         4
 Eringya's Noxious Bog    Tmut/Pois      17%        N/A       26%         6
 Iskenderun's Mystic Bla  Conj/Tloc      8%         2d4       32%         4
 Borgnjor's Vile Clutch   Necr/Erth      4%         N/A       65%         5
 Lee's Rapid Deconstruct  Erth           4%         3d6*      65%         5
 Manifold Assault         Tloc           8%         N/A       65%         5
 Storm Form               Tmut/Air       19%        N/A       71%         7
 Enfeeble                 Hex            14%        N/A       95%         7
 Simulacrum               Ice/Necr       Unusable   N/A       N/A         6

Dungeon Overview and Level Annotations

Branches:
Dungeon (12/15)            Temple (1/1) D:6             Orc (0/2) D:9
Ossuary (visited)
   Lair: D:8-11

Altars:
Ashenzari
Cheibriados
Dithmenos
Elyvilon
Fedhas
Gozag
Hepliaklqana
Kikubaaqudgha
Makhleb
Nemelex Xobeh
Okawaru
Qazlal
Ru
Sif Muna
Trog
Uskayaw
Vehumet
Wu Jian
Xom
Yredelemnul
Zin
The Shining One

Shops:
D:4 ((*?:

Annotations:
D:8 3 runed translucent doors, redcrux's ghost, novice MiFi
D:12 Azrael; Gastronok


Innate Abilities, Weirdness & Mutations

One of your tentacles has grown a beastly spike.
You cannot wear most types of armour.
You are amphibious.
You can wear up to eight rings at the same time.
Your skin changes colour to match your surroundings (Stealth+).
Your rubbery body absorbs attacks. (AC +1, EV +1)
((You are camouflaged when in or above water. (Stealth+)))
You have tentacles for arms and can constrict up to eight enemies at once.
You are partially covered in iridescent scales. (AC +2)
Your flesh is heat resistant. (rF+)


Message History

* * * LOW HITPOINT WARNING * * *
The eight-headed hydra barely misses you. x2
The eight-headed hydra bites you.
* * * LOW HITPOINT WARNING * * *
Casting: Beastly Appendage (safe; 1% risk of failure)
Confirm with . or Enter, or press ? or * to list all spells.
You blink.
Something hits your guardian golem. Something burns your guardian golem!
Your guardian golem resists.
Your guardian golem overheats!
Something hits your guardian golem. Something burns your guardian golem!
Your guardian golem resists.
Flame seeps out of your guardian golem.
Casting: Blink (safe; 5% risk of failure)
Confirm with . or Enter, or press ? or * to list all spells.
You feel stable enough to blink again. Something hits your guardian golem.
Something burns your guardian golem!
Your guardian golem resists.
Flame seeps out of your guardian golem.
Your guardian golem is engulfed in blazing flames.
Flame seeps out of your guardian golem.
You swap places.
Something hits your guardian golem. Something burns your guardian golem!
Your guardian golem resists.
Flame seeps out of your guardian golem.
Your guardian golem is engulfed in blazing flames.
Flame seeps out of your guardian golem.
Your hound closely misses the eight-headed hydra.
The eight-headed hydra bites your hound!
Your guardian golem disappears in a puff of smoke!
Your guardian golem explodes!
The fiery explosion engulfs the fire elemental.
The fire elemental completely resists.
The fiery explosion engulfs the eight-headed hydra!!!
The eight-headed hydra dies!
Azrael the Boundless Flame comes into view.
He is wielding a +0 scimitar of flaming.
Azrael gestures at you.
The fireball explodes!
The fireball engulfs you! You resist.
You die...
Your body crumbles into a pile of gold.

..# #####..##### ######
......☼.E○○. R.... .....# #...#
####E# #...# ####○# #)..#
...E○###########...##############
....☼○E○§E§.h....................
....############@.........#######
....# #..#####...#
....############(.#####...#######
......)..........................
####................#############
# #.#############..#
####.#############..############
................................
................................


You could see Azrael, a fire elemental and a friendly hound (summoned).

Vanquished Creatures
  Urug (D:11)
  Pikel (D:5)
  Maggie (D:8)
  A tengu conjurer (D:9)
  An ice devil (D:11)
  The ghost of y3s the Spear-Bearer, an amateur MiBe of Trog (D:3)
  2 trolls
  A shadow (D:12)
  A wraith (D:10)
  19 yaks
  2 vampire mosquitoes
  Menkaure (D:5)
  4 water moccasins
  5 orc warriors
  A black bear (D:4)
  4 centaurs
  A lemure (D:5)
  2 phantoms (D:6)
  3 kobold brigands
  2 elf zombies (Ossuary)
  A bullfrog (D:8)
  A necrophage (D:5)
  2 scorpions (D:5)
  8 killer bees
  3 howler monkeys
  A centaur zombie (Ossuary)
  4 hounds
  7 orc priests
  A jelly (D:6)
  A human zombie (Ossuary)
  4 iguanas
  9 orc wizards
  3 ogre zombies (Ossuary)
  2 hound zombies (D:3)
  2 mummies (Ossuary)
  A gnoll (D:4)
  7 adders
  2 white imps
  An ufetubus (D:6)
  An adder zombie (Ossuary)
  3 worms (D:2)
  3 dart slugs
  32 orcs
  9 ball pythons
  10 endoplasms
  2 giant cockroaches (D:4)
  7 goblins
  7 hobgoblins
  2 jackals (D:3)
  3 quokkas
  5 bats
  A frilled lizard (D:1)
  3 goblin zombies (Ossuary)
  3 hobgoblin zombies (Ossuary)
  19 kobolds
  3 kobold zombies (Ossuary)
  3 quokka zombies (Ossuary)
  7 rats
  2 rat zombies (Ossuary)
239 creatures vanquished.

Vanquished Creatures (collateral kills)
  A two-headed ogre (D:11)
  Sigmund (D:5)
  A shadow (D:9)
  A wyvern (D:9)
  A vampire (D:10)
  8 yaks
  A basilisk (D:10)
  2 vampire mosquitoes (D:11)
  A water moccasin (D:10)
  2 orc warriors
  A bullfrog (D:8)
  A wight (D:8)
  A howler monkey (D:8)
  A centaur zombie (Ossuary)
  2 orc priests
  4 hounds
  2 orc wizards
  5 mummies (Ossuary)
  An adder (D:5)
  2 gnolls (D:4)
  A shadow imp (D:5)
  An adder zombie (Ossuary)
  12 orcs
  3 kobolds
  A goblin zombie (Ossuary)
  2 hobgoblin zombies (Ossuary)
  A kobold zombie (Ossuary)
  A quokka zombie (Ossuary)
  A rat zombie (Ossuary)
62 creatures vanquished.

Vanquished Creatures (others)
  3 hydras
  A two-headed ogre (D:8)
  A manticore (D:9)
  A cyclops (D:9)
  An ice devil (D:11)
  A hornet (D:8)
  2 basilisks (D:10)
  3 yaks
  An unseen horror simulacrum (D:9)
  2 wyverns
  2 vampire mosquitoes (D:11)
  3 orc warriors (D:9)
  A kobold brigand (D:9)
  A scorpion (D:10)
  2 wights (D:8)
  4 killer bees
  2 electric eels (D:10)
  A howler monkey (D:9)
  An orc wizard (D:10)
  4 orcs (D:9)
  A bush (D:10)
  6 fungi (D:10)
  18 plants (D:10)
62 creatures vanquished.

Grand Total: 363 creatures vanquished

Notes
Turn   | Place    | Note
-------+----------+-------------------------------------------
     0 | D:1      | FexLirch the Octopode Transmuter began the quest for the
                  | Orb.
     0 | D:1      | Reached XP level 1. HP: 13/13 MP: 3/3
   341 | D:1      | Reached XP level 2. HP: 16/18 MP: 3/5
   511 | D:1      | Learned a level 2 spell: Wereblood
  1086 | D:2      | Reached XP level 3. HP: 21/23 MP: 2/6
  1495 | D:3      | Reached skill level 3 in Transmutations
  1543 | D:3      | Learned a level 3 spell: Swiftness
  1602 | D:2      | Reached XP level 4. HP: 28/28 MP: 4/8
  2239 | D:2      | Found a faded altar of an unknown god.
  2412 | D:3      | Learned a level 3 spell: Call Canine Familiar
  2637 | D:3      | Reached XP level 5. HP: 15/33 MP: 7/10
  2987 | D:3      | Found a runed translucent gate.
  2987 | D:3      | Found a runed translucent gate.
  2987 | D:3      | Found a runed translucent gate.
  2987 | D:3      | Noticed y3s's ghost (amateur MiBe)
  2989 | D:3      | Found a basalt altar of Yredelemnul.
  2995 | D:3      | Reached skill level 1 in Summonings
  3419 | D:4      | Reached skill level 4 in Transmutations
  3862 | D:4      | Found Ahidaum's Magic Scroll Shop.
  3895 | D:4      | Found Quaghih's General Store.
  3908 | D:4      | Reached XP level 6. HP: 24/38 MP: 4/11
  3918 | D:4      | Noticed a black bear
  4127 | D:4      | Bought a scroll of blinking for 105 gold pieces
  4198 | D:4      | Found Daaclawk's Weapon Boutique.
  4261 | D:4      | Found Ycvenoje's Antique Weapon Emporium.
  4537 | D:4      | Found Zuageahe's Book Emporium.
  5027 | D:4      | Bought a scroll of teleportation for 42 gold pieces
  5096 | D:5      | Entered Level 5 of the Dungeon
  5259 | D:5      | Noticed Pikel
  5269 | D:5      | Killed Pikel
  5270 | D:5      | Reached skill level 5 in Transmutations
  5270 | D:5      | Reached XP level 7. HP: 16/43 MP: 9/14
  5517 | D:5      | Reached skill level 5 in Spellcasting
  5517 | D:5      | Reached XP level 8. HP: 32/48 MP: 11/15
  6300 | D:5      | Noticed Sigmund
  6411 | D:5      | Found a shadowy altar of Dithmenos.
  6628 | D:6      | Noticed a yak
  6630 | D:6      | Noticed a yak
  6749 | D:6      | Found a sand-covered staircase.
  6756 | Ossuary  | Entered an ossuary
  7235 | Ossuary  | Reached skill level 6 in Transmutations
  7831 | D:3      | Learned a level 4 spell: Ice Form
  7989 | D:6      | Reached skill level 5 in Summonings
  8005 | D:6      | Noticed a yak
  8006 | D:6      | Noticed a yak
  8009 | D:5      | Killed a yak
  8010 | D:5      | Reached XP level 9. HP: 44/53 MP: 8/18
  8124 | D:6      | Gained mutation: You are dopey. (Int -2) [mutagenic glow]
  8379 | D:5      | Reached skill level 1 in Ice Magic
  8458 | D:5      | Noticed Menkaure
  8574 | D:6      | Found a burning altar of Makhleb.
  8639 | D:6      | HP: 1/53 [steam dragon/ball of steam (12)]
  8861 | D:6      | Found a staircase to the Ecumenical Temple.
  8879 | Temple   | Entered the Ecumenical Temple
  8940 | Temple   | Became a worshipper of Gozag Ym Sagoz the Greedy
  9126 | D:6      | Lost mutation: You are dopey. (Int -2) [potion of mutation]
  9126 | D:6      | Gained mutation: Your flesh is heat resistant. (rF+)
                  | [potion of mutation]
  9126 | D:6      | Gained mutation: You are partially covered in iridescent
                  | scales. (AC +2) [potion of mutation]
  9415 | D:7      | HP: 2/53 [kobold/stone (1)]
  9507 | D:8      | Noticed a two-headed ogre
  9510 | D:8      | Noticed a hornet
  9745 | D:6      | Reached skill level 7 in Transmutations
  9774 | D:7      | Reached skill level 1 in Hexes
 10035 | D:8      | Identified the +5 mace of the Purse {drain, rN+}
 10365 | D:8      | Noticed Maggie
 10624 | D:4      | Bought a book of Callings for 260 gold pieces
 10628 | D:4      | Learned a level 3 spell: Summon Guardian Golem
 10706 | D:3      | Killed y3s's ghost
 10780 | D:5      | Killed Menkaure
 10781 | D:5      | Reached XP level 10. HP: 60/60 MP: 13/20
 10896 | D:5      | Killed Sigmund
 11109 | D:8      | Found a runed translucent gate.
 11109 | D:8      | Found a runed translucent gate.
 11109 | D:8      | Found a runed translucent gate.
 11110 | D:8      | Noticed redcrux's ghost (novice MiFi)
 11110 | D:8      | Noticed a spectral unseen horror
 11153 | D:8      | Killed a two-headed ogre
 11706 | D:10     | Entered Level 10 of the Dungeon
 12021 | D:10     | Reached skill level 8 in Transmutations
 12415 | D:9      | Noticed a cyclops
 12449 | D:9      | Killed a cyclops
 12450 | D:9      | Reached XP level 11. HP: 69/69 MP: 13/22
 12878 | D:9      | Found a staircase to the Orcish Mines.
 12923 | D:9      | Reached skill level 5 in Dodging
 13264 | D:9      | Identified the +3 great sword of Certain Death {flame, MP-9
                  | Str+3 Int+7}
 13300 | D:9      | Found a broken altar of Ashenzari.
 13317 | D:9      | Reached skill level 5 in Hexes
 13329 | D:9      | Killed a manticore
 13649 | D:9      | Noticed a boulder beetle
 13649 | D:9      | Noticed a boulder beetle
 13649 | D:9      | Noticed a two-headed ogre
 13669 | D:9      | Noticed a cyclops
 13692 | D:9      | Noticed a swamp dragon
 13860 | D:10     | Reached skill level 5 in Fighting
 14062 | D:8      | Killed Maggie
 14393 | D:4      | Bought a Young Poisoner's Handbook for 260 gold pieces
 14393 | D:4      | Bought an Inescapable Atlas for 442 gold pieces
 14397 | D:4      | Learned a level 2 spell: Blink
 14402 | D:4      | Learned a level 4 spell: Olgreb's Toxic Radiance
 14402 | D:4      | Bought Great Wizards, Vol. VII for 390 gold pieces
 14407 | D:4      | Learned a level 4 spell: Passage of Golubria
 14514 | D:4      | Bought a scroll of blinking for 105 gold pieces
 14722 | D:10     | You fall into a shaft and drop 2 floors!
 14777 | D:12     | Noticed a five-headed hydra
 14777 | D:12     | Noticed a deep elf pyromancer
 14777 | D:12     | Noticed Gastronok
 14821 | D:11     | Reached skill level 9 in Transmutations
 14821 | D:11     | Reached skill level 1 in Poison Magic
 15012 | D:11     | Noticed a two-headed ogre
 15032 | D:11     | Killed a two-headed ogre
 15033 | D:11     | Reached skill level 5 in Air Magic
 15033 | D:11     | Reached XP level 12. HP: 78/78 MP: 8/24
 15034 | D:11     | Noticed Urug
 15387 | D:11     | Killed Urug
 15636 | D:11     | Noticed a five-headed hydra
 15650 | D:11     | Killed a five-headed hydra
 16210 | D:12     | Killed a five-headed hydra
 16328 | D:12     | Noticed an eight-headed hydra
 16344 | D:12     | HP: 3/80 [eight-headed hydra (3)]
 16353 | D:12     | Killed an eight-headed hydra
 16354 | D:12     | Noticed Azrael
 16354 | D:12     | Killed from afar by Azrael

Illustrated notes

Levels and vault maps discovered:
D:1:      minmay_arrival_shattered_statue, layout_basic, feat_on_display
D:2:      layout_rooms, nicolae_ecumenical_pavilion, serial_corexii_hall,
          chequers_hall_statues_wall_a, chequers_hall_statues_y, st_stairs_14
D:3:      layout_loops_ring, nicolae_yredelemnul_ghost_church, st_stairs_6
D:4:      layout_layer_cave, serial_shops, nicolae_diamond_shop,
          nicolae_shop_hallway_plus, nicolae_inconvenience_store, shop, shop,
          minmay_bisected
D:5:      layout_loops_cross, lemuel_coloured_pillars_altar, nicolae_titane,
          uniq_menkaure, uniq_pikel, uniq_sigmund
D:6:      layout_loops_ring, makhleb_heckhound_becter,
          minmay_temple_entry_proselytizer, enter_ossuary_1
D:7:      layout_rooms
D:8:      layout_cave_pools, gammafunk_ghost_necromancy, minmay_diced_spiral,
          uniq_maggie
D:9:      minmay_distorted_concentric_squares, layout_long_grid,
          cheibrodos_ashenzari_chains, david_orc_5, minmay_misc_feat_chi,
          nrook_mini_backslash, small_chamber_with_monster, minivault_12
D:10:     layout_basic, minmay_lair_entry_grove, enter_bailey_2
D:11:     layout_cave_pools, portal_ice_cave_demonic_guard, uniq_urug
D:12:     layout_long_grid, serial_shops, nicolae_square_shop,
          chequers_serial_rivers_micro_d, uniq_gastronok, uniq_azrael
Temple:   compressed_dpeg_circular_temple

Skill      XL: |  1  2  3  4  5  6  7  8  9 10 11 12 |
---------------+-------------------------------------+-----
Transmutations | 3 4 5 6 7 8 9 |  9.7
Spellcasting   | 3 4 5 6 7 8 |  8.8
Summonings     | 1 3 5 6 7 8 |  8.0
Air Magic      | 2 4 5 |  5.9
Ice Magic      | 3 |  3.0
Hexes          | 2 4 5 |  5.4
Fighting       | 2 4 5 6 |  6.4
Dodging        | 4 6 |  6.7
Poison Magic   | 2 4 |  4.3
Unarmed Combat | |  3.0

Action                   |  1- 3 |  4- 6 |  7- 9 | 10-12 || total
-------------------------+-------+-------+-------+-------++-------
Melee: Unarmed           |    78 |   116 |   249 |   377 ||   820
       Kick              |    24 |    34 |    78 |    17 ||   153
       Tentacles         |    11 |    25 |    45 |    18 ||    99
       Constrict         |    19 |    35 |    42 |    10 ||   106
       Punch             |       |     5 |     4 |     1 ||    10
 Cast: Beastly Appendage |    17 |    27 |    29 |     6 ||    79
       Wereblood         |     6 |    22 |    33 |    30 ||    91
       Call Canine Famil |       |     8 |    50 |    52 ||   110
       Ice Form          |       |       |    13 |    34 ||    47
       Swiftness         |       |       |     7 |     3 ||    10
       Summon Guardian G |       |       |     1 |    50 ||    51
       Olgreb's Toxic Ra |       |       |       |     6 ||     6
       Blink             |       |       |       |     4 ||     4
Evoke: Wand              |       |       |     2 |     3 ||     5
  Use: Scroll            |       |     6 |     7 |     7 ||    20
       Potion            |       |       |     1 |     9 ||    10
 Stab: Sleeping          |     5 |     4 |     6 |       ||    15
       Distracted        |       |       |       |     3 ||     3
Armor: Skin              |     5 |     4 |    60 |   124 ||   193
Dodge: Dodged            |    46 |    62 |   158 |   222 ||   488
